 Dungeon Crawl Stone Soup version 0.29.1-15-g9cfb28693d (webtiles) character file.

Game seed: 4243179630467172956

118 Achh the Covered (level 5, -6/41 HPs)
             Began as a Human Fighter on Mar 15, 2023.
             Was a Priest of Dithmenos.
             Succumbed to Ijyb's poison
             ... on level 3 of the Dungeon.
             The game lasted 00:11:47 (2597 turns).

Achh the Covered (Human Fighter)                    Turns: 2597, Time: 00:11:48

Health: -6/41      AC: 10    Str: 16    XL:     5   Next: 23%
Magic:  5/5        EV:  9    Int:  8    God:    Dithmenos [***...]
Gold:   248        SH:  5    Dex: 15    Spells: 4/4 levels left

rFire   + . .      SeeInvis .   a - +0 long sword
rCold   . . .      Faith    .   c - +0 buckler
rNeg    . . .      Spirit   .   g - +2 scale mail {rF+}
rPois   .          Reflect  .   n - +0 helmet
rElec   .          Harm     .   (no cloak)
rCorr   .          Rampage  .   (no gloves)
Will    .....                   (no boots)
Stlth   ..........              (no amulet)
HPRegen 0.13/turn               (no ring)
MPRegen 0.09/turn               (no ring)

@: lethally poisoned (-6 -> -39), wreathed by umbra
A: no striking features
a: Renounce Religion, Shadow Step


You were on level 3 of the Dungeon.
You worshipped Dithmenos.
Dithmenos was most pleased with you.
You visited 1 branch of the dungeon, and saw 3 of its levels.

You collected 248 gold pieces.

Inventory:

Hand Weapons
 a - a +0 long sword (weapon)
Armour
 c - a +0 buckler (worn)
 g - a +2 scale mail of fire resistance (worn)
 n - a +0 helmet (worn)
Magical Staves
 l - a staff of air
Jewellery
 d - a ring of willpower
Scrolls
 b - 2 scrolls of enchant weapon {unknown}
 e - a scroll of magic mapping {unknown}
 f - 5 scrolls of butterflies {unknown}
 h - 3 scrolls of teleportation {unknown}
 m - a scroll of identify {unknown}
 p - a scroll of enchant armour {unknown}
Potions
 i - a potion of haste {unknown}
 j - a potion of attraction {unknown}
 k - a potion of curing {unknown}
 o - a potion of lignification {unknown}
 q - a potion of berserk rage {unknown}


   Skills:
 + Level 3.6 Fighting
 + Level 3.1 Long Blades
 + Level 3.6 Armour
 + Level 0.7 Dodging
 + Level 0.7 Stealth
 + Level 3.5 Shields


You had 4 spell levels left.
You didn't know any spells.
Your spell library was empty.

Dungeon Overview and Level Annotations

Branches:
Dungeon (3/15)

Altars:
Dithmenos

Annotations:
D:3 Ijyb


Message History

You hit Ijyb.
Ijyb is heavily wounded.
You feel sick. Ijyb barely misses you.
You hit Ijyb.
Ijyb is severely wounded.
You feel sick. You block Ijyb's attack.
You hit Ijyb.
Ijyb is almost dead.
You feel sick.
You are no longer poisoned.
Ijyb hits you but does no damage.
You are poisoned.
Ijyb barely misses you.
You closely miss Ijyb.
Ijyb is almost dead.
You feel sick.
Ijyb hits you with a +2 dagger of venom.
You are more poisoned.
You hit Ijyb.
Ijyb is almost dead.
You feel very sick. Ijyb hits you but does no damage.
You are lethally poisoned!
You closely miss Ijyb.
Ijyb is almost dead.
* * * LOW HITPOINT WARNING * * *
You feel very sick. Ijyb hits you but does no damage.
You are more poisoned.
Ijyb hits you but does no damage.
You are more poisoned.
You closely miss Ijyb.
Ijyb is almost dead.
* * * LOW HITPOINT WARNING * * *
You feel extremely sick. Ijyb hits you but does no damage.
You are more poisoned.
You barely miss Ijyb.
Ijyb is almost dead.
You die...

#≈≈..#...#.....#
#≈≈.)#...#...).#
#≈≈..#...#.....#
#≈≈..##'##.....##+##
#≈≈...#............#
#≈≈...#............#
#≈≈...##########...#
#≈≈#####....(..#...#
#≈≈ +.....g@'...#
#≈≈ #.......'...#
### #############


You could see Ijyb.

Vanquished Creatures
  An adder (D:3)
  2 worms (D:3)
  11 orcs (D:3)
  9 ball pythons
  5 bats
  9 endoplasms
  2 giant cockroaches
  17 goblins
  3 hobgoblins
  6 jackals (D:3)
  4 kobolds
  4 quokkas
  A frilled lizard (D:1)
  3 rats
77 creatures vanquished.

Vanquished Creatures (others)
  14 plants (D:2)
14 creatures vanquished.

Grand Total: 91 creatures vanquished

Notes
Turn   | Place    | Note
-------+----------+-------------------------------------------
     0 | D:1      | Achh the Human Fighter began the quest for the Orb.
     0 | D:1      | Reached XP level 1. HP: 18/18 MP: 1/1
   137 | D:1      | Reached XP level 2. HP: 12/24 MP: 2/2
   167 | D:1      | Found a faded altar of an unknown god.
   175 | D:1      | Prayed at the altar of an unknown god.
   175 | D:1      | Became a worshipper of Dithmenos the Shadowed
   175 | D:1      | Reached * piety under Dithmenos
   338 | D:1      | Reached XP level 3. HP: 22/29 MP: 3/3
   454 | D:1      | You fall into a shaft and drop 1 floor!
   721 | D:1      | Reached ** piety under Dithmenos
  1149 | D:2      | Reached XP level 4. HP: 35/35 MP: 4/4
  2211 | D:3      | Reached XP level 5. HP: 39/41 MP: 5/5
  2543 | D:3      | Reached *** piety under Dithmenos
  2578 | D:3      | Noticed Ijyb
  2597 | D:3      | Succumbed to Ijyb's poison

Illustrated notes

Levels and vault maps discovered:
D:1:      shiori_arrival_oz, layout_loops_ring,
          dreamdust_ecumenical_altar_angels_and_demons
D:2:      layout_basic, hex_medium, serial_bayou_lagoon_a
D:3:      kennysheep_goblin_castle, layout_loops_ring,
          chequers_decorated_corner, serial_bayou_pond_d,
          chequers_serial_rivers_micro_c

Skill      XL: |  1  2  3  4 |
---------------+-------------+-----
Long Blades    | 3 |  3.1
Fighting       | |  3.6
Armour         | |  3.6
Dodging        | |  0.7
Stealth        | |  0.7
Shields        | |  3.5

Action                   |  1- 3 |  4- 6 || total
-------------------------+-------+-------++-------
Melee: Long sword        |   132 |   126 ||   258
  Use: Potion            |       |     1 ||     1
Armor: Scale mail        |    53 |    77 ||   130
Dodge: Dodged            |    71 |    75 ||   146
Block: Buckler           |    30 |    37 ||    67
